 Dungeon Crawl Stone Soup version 0.29.0-4-gdea44cf6ec (webtiles) character file.

Game seed: 5074579348649378828

17 qw the Firebug (level 2, -2/23 HPs)
             Began as a Ghoul Fire Elementalist on Aug 29, 2022.
             Slain by a dart slug (3 damage)
             ... on level 2 of the Dungeon.
             The game lasted 00:01:00 (1226 turns).

qw the Firebug (Ghoul Fire Elementalist)            Turns: 1226, Time: 00:01:00

Health: -2/23      AC:  2    Str: 11    XL:     2   Next: 62%
Magic:  3/3        EV: 12    Int: 10    God:
Gold:   67         SH:  0    Dex:  9    Spells: 3/4 levels left

rFire   . . .      SeeInvis .     - Unarmed
rCold   + . .      Faith    .   (no shield)
rNeg    + + +      Spirit   .   a - +0 robe
rPois   inf        Reflect  .   (no helmet)
rElec   .          Harm     .   (no cloak)
rCorr   .          Rampage  .   (no gloves)
Will    .....                   (no boots)
Stlth   ++........              (no amulet)
HPRegen 0.00/turn               (no ring)
MPRegen 0.08/turn               (no ring)

@: about to teleport, inhibited regen
A: claws 1, cold resistance 1, negative energy resistance 3, inhibited
regeneration, torment resistance 2, devour on kill
a: no special abilities


You were on level 2 of the Dungeon.
You visited 1 branch of the dungeon, and saw 2 of its levels.

You collected 67 gold pieces.


Innate Abilities, Weirdness & Mutations

You are immune to poison.
You have sharp fingernails.
Your flesh is cold resistant. (rC+)
You are immune to negative energy. (rN+++)
You do not regenerate when monsters are visible.
You are immune to unholy pain and torment.
You thrive by killing the living.


   Skills:
 - Level 1.2 Fighting
 - Level 1.7 Dodging
 - Level 2.1 Stealth
 + Level 1.9 Unarmed Combat
 - Level 1.7 Spellcasting
 - Level 0.7 Conjurations
 - Level 2.4 Fire Magic


You had 3 spell levels left.
You knew the following spells:

 Your Spells              Type           Power      Damage    Failure   Level
a - Foxfire               Conj/Fire      16%        2x1d4     17%         1

Your spell library contained the following spells:

 Spells                   Type           Power      Damage    Failure   Level
 Scorch                   Fire           10%        2d5       19%         2
 Conjure Flame            Conj/Fire      4%         6-21      45%         3
 Inner Flame              Hex/Fire       3%         N/A       52%         3
 Flame Wave               Conj/Fire      4%         2d5       86%         4

Inventory:

Armour
 a - a +0 robe (worn)
Scrolls
 e - a scroll of identify
Potions
 f - a potion of resistance {unknown}

Dungeon Overview and Level Annotations

Branches:
Dungeon (2/15)

Altars:


Message History

You scratch the worm but do no damage.
The worm is moderately wounded.
The dart slug misses you.
You scratch the worm but do no damage.
The worm is moderately wounded.
The worm bites you. The dart slug closely misses you.
You scratch the worm but do no damage.
The worm is lightly wounded.
You completely miss the worm.
The worm is lightly wounded.
The dart slug launches a dart at you. The slug dart hits you.
The worm misses you.
You barely miss the worm.
The worm is lightly wounded.
The dart slug barely misses you.
You scratch the worm.
The worm is moderately wounded.
The worm bites you.
You scratch the worm but do no damage. Your claw misses the worm.
The worm is moderately wounded.
The dart slug barely misses you. The worm closely misses you.
You scratch the worm.
The worm is moderately wounded.
The dart slug bites you but does no damage.
You barely miss the worm.
The worm is moderately wounded.
The worm bites you.
1223 ||| READING scroll of teleportation.
As you read the scroll of teleportation, it crumbles to dust.
You feel strangely unstable. The dart slug barely misses you.
You scratch the worm.
The worm is heavily wounded.
The worm closely misses you. The dart slug bites you.
You scratch the worm.
The worm is severely wounded.
You scratch the worm.
You kill the worm!
The dart slug bites you.
You die...

........ ........
........
####.......
#........ #......
#.#.%..##
#...w@.<#
...<.........#
.................
.............#..#
................#
.............##.
............... .
..........##.##


You could see a dart slug.

Vanquished Creatures
  A worm (D:2)
  An endoplasm (D:1)
  A giant cockroach (D:1)
  2 goblins (D:1)
  2 kobolds (D:1)
  A quokka (D:1)
  A ball python (D:1)
  4 bats (D:1)
  2 frilled lizards (D:1)
  2 rats (D:1)
17 creatures vanquished.

Notes
Turn   | Place    | Note
-------+----------+-------------------------------------------
     0 | D:1      | qw the Ghoul Fire Elementalist began the quest for the Orb.
     0 | D:1      | Reached XP level 1. HP: 14/14 MP: 2/2
     0 | D:1      | 0 ||| qw: Version: 0.1-a-90-g952f4b7
     0 | D:1      | 0 ||| qw: Game counter: 3755
     0 | D:1      | 0 ||| qw: Always use a shield: true
     0 | D:1      | 0 ||| qw: God list: Okawaru
     0 | D:1      | 0 ||| qw: Allow faded altars: false
     0 | D:1      | 0 ||| qw: Do Orc after D:15 true
     0 | D:1      | 0 ||| qw: Do second Lair branch before Depths: true
     0 | D:1      | 0 ||| qw: Lair rune preference: random
     0 | D:1      | 0 ||| qw: Plans: Normal
     0 | D:1      | 0 ||| PLANNING D:1-11
   127 | D:1      | Reached skill level 1 in Unarmed Combat
   255 | D:1      | Found a faded altar of an unknown god.
   460 | D:1      | Reached skill level 1 in Fighting
   460 | D:1      | Reached XP level 2. HP: 19/23 MP: 3/3
  1174 | D:1      | 1174 ||| READING 2 scrolls labelled XION OMAKA.
  1177 | D:1      | 1177 ||| READING 2 scrolls labelled QIMAWE JUZXUDO.
  1178 | D:1      | 1178 ||| READING scroll labelled IPNADDETEF.
  1179 | D:1      | 1179 ||| DROPPING potion of magic.
  1222 | D:2      | HP: 3/23 [worm (4)]
  1223 | D:2      | 1223 ||| READING scroll of teleportation.
  1224 | D:2      | HP: 1/23 [dart slug (2)]
  1226 | D:2      | Slain by a dart slug

Levels and vault maps discovered:
D:1:      lightli_arrival_quake, layout_loops_ring,
          chequers_ecumenical_altar_simple_redux
D:2:      layout_basic, small_statue_intersection, minmay_crystal_room,
          feat_on_display, uniq_natasha, uniq_jessica, uniq_robin

Skill      XL: |  1 |
---------------+----+-----
Unarmed Combat | 1 |  1.9
Fighting       | 1 |  1.2
Dodging        | |  1.7
Stealth        | |  2.1
Spellcasting   | |  1.7
Conjurations   | |  0.7
Fire Magic     | |  2.4

Action                   || total
-------------------------++-------
Melee: Unarmed           ||    89
       Punch             ||     1
  Use: Scroll            ||     4
 Stab: Sleeping          ||     1
Armor: Robe              ||    25
Dodge: Dodged            ||    55

Table legend:
 A = Non-vault XP
 B = Vault XP
 C = Vault XP percentage of total XP
 D = Non-vault monster count
 E = Vault monster count
 F = Vault count percentage of total count
                 A         B        C        D         E       F
            +---------+---------+-------+---------+---------+-------
      Total |      30 |       0 |   0.0 |      17 |       0 |   0.0
            +---------+---------+-------+---------+---------+-------
        D:1 |      25 |       0 |   0.0 |      16 |       0 |   0.0
        D:2 |       5 |       0 |   0.0 |       1 |       0 |   0.0
            +---------+---------+-------+---------+---------+-------
